 Dungeon Crawl Stone Soup version 0.31-b1-18-g61460d1e46 (webtiles) character file.

Game seed: 8704360119744390289

205 NamelessAdventurer the Firebug (level 5, -2/60 HPs)
             Began as a Hill Orc Fire Elementalist on Jan 17, 2024.
             Slain by an orc
             ... wielding a +0 short sword
              (4 damage)
             ... on level 3 of the Dungeon.
             The game lasted 00:03:58 (1158 turns).

NamelessAdventurer the Firebug (HOFE)               Turns: 1158, Time: 00:03:58

Health: -2/60      AC:  2    Str: 13    XL:     5   Next: 83%
Magic:  2/8        EV: 12    Int: 15    God:
Gold:   43         SH:  0    Dex: 11    Spells: 6/9 levels left

rFire   . . .        d - +0 short sword (flame)
rCold   . . .        (no shield)
rNeg    . . .        a - +0 robe
rPois   .            (no helmet)
rElec   .            (no cloak)
rCorr   .            (no gloves)
SInv    .            (no boots)
Will    .....        (no amulet) Stlth
                     (no ring)
HPRegen 0.30/turn    (no ring)
MPRegen 0.11/turn

%: no passive effects
@: berserking, very quick
A: mutation resistance 1
a: no special abilities


You were on level 3 of the Dungeon.
You visited 1 branch of the dungeon, and saw 3 of its levels.

You collected 43 gold pieces.

Inventory:

Hand Weapons
 d - a +0 short sword of flaming (weapon)
Armour
 a - a +0 robe (worn)


   Skills:
 * Level 1.4 Fighting
 * Level 1.0 Short Blades
 * Level 1.3 Armour
 * Level 2.0 Dodging
 * Level 2.0 Stealth
 * Level 2.5 Spellcasting
 * Level 1.6 Conjurations
 * Level 4.6 Fire Magic


You had 6 spell levels left.
You knew the following spells:

 Your Spells              Type           Power      Damage    Failure   Level
a - Foxfire               Conj/Fire      44%        2x1d6     6%          1
b - Scorch                Fire           30%        2d6       4%          2

Your spell library contained the following spells:

 Spells                   Type           Power      Damage    Failure   Level
 Inner Flame              Hex/Fire       8%         N/A       24%         3
 Volatile Blastmotes      Fire/Tloc      16%        2d11      24%         3
 Flame Wave               Conj/Fire      11%        2d6       50%         4


Dungeon Overview and Level Annotations

Branches:
Dungeon (3/15)

Altars:
Nemelex Xobeh
Okawaru
Xom

Shops:
D:1 =


Innate Abilities, Weirdness & Mutations

You are somewhat resistant to further mutation.


Message History

The orc wizard is moderately wounded.
The foxfire hits the orc wizard but does no damage.
The orc wizard is moderately wounded.
The orc completely misses you. The orc wizard barely misses you.
It was a potion of curing.
You feel better. The orc hits you with a +0 short sword.
The orc wizard hits you with a +0 dagger.
* * * LOW HITPOINT WARNING * * *
Casting: Foxfire (safe; 6% risk of failure)
Confirm with . or Enter, or press ? or * to list all spells.
You conjure some foxfire!
The orc hits you with a +0 short sword.
* * * LOW HITPOINT WARNING * * *
The orc wizard mumbles some strange words.
The orc wizard flickers and vanishes!
Deactivating autopickup; reactivate with Ctrl-A.
Your foxfire dissipates!
The foxfire hits something.
The orc hits you with a +0 short sword.
* * * LOW HITPOINT WARNING * * *
It was a potion of berserk rage.
A red film seems to cover your vision as you go berserk!
You feel yourself moving faster!
You feel mighty! The orc hits you with a +0 short sword.
* * * LOW HITPOINT WARNING * * *
Something hits you.
* * * LOW HITPOINT WARNING * * *
You barely miss something. The orc hits you with a +0 short sword.
* * * LOW HITPOINT WARNING * * *
You hear some strange, mumbled words.
Something tries to affect you, but you resist.
You closely miss something. The orc hits you with a +0 short sword.
* * * LOW HITPOINT WARNING * * *
You puncture something! You burn something.
Reactivating autopickup.
You feel a bit more experienced. The orc closely misses you.
Things that are here:
a +0 dagger; a +0 robe You feel a strong urge to attack something.
The orc hits you with a +0 short sword.
You die...

#.......###
#..........
..........
._..8.._.#
..)......#
#.......)#
#........##
#.#...#...#####
#.....@))...#
#####.)o###.#
##.## #.# #.#
#.# ..# #.#
#### #.#
#######.#
#.......# ##
#.####### ..


You could see an orc.

Vanquished Creatures
  Sigmund (D:3)
  An orc wizard (D:3)
  An adder (D:3)
  A dart slug (D:2)
  2 orcs (D:3)
  2 endoplasms (D:2)
  4 jackals (D:1)
  3 kobolds
  3 ball pythons
  3 bats (D:2)
  2 frilled lizards
  3 rats
26 creatures vanquished.

Vanquished Creatures (others)
  An orc (D:3)
  A frilled lizard (D:3)
  A kobold (D:3)
  29 foxfires
32 creatures vanquished.

Grand Total: 58 creatures vanquished

Notes
Turn   | Place    | Note
-------+----------+-------------------------------------------
     0 | D:1      | NamelessAdventurer the Hill Orc Fire Elementalist began the
                  | quest for the Orb.
     0 | D:1      | Reached XP level 1. HP: 14/14 MP: 3/3
    17 | D:1      | Found Falick's Jewellery Shop.
   186 | D:1      | Reached XP level 2. HP: 20/20 MP: 1/4
   240 | D:1      | Learned a level 2 spell: Scorch
   902 | D:2      | Reached XP level 3. HP: 27/27 MP: 2/5
  1020 | D:3      | Reached skill level 4 in Fire Magic
  1059 | D:3      | Found a sparkling altar of Nemelex Xobeh.
  1096 | D:3      | Found a shimmering altar of Xom.
  1096 | D:3      | Noticed Sigmund
  1098 | D:3      | Found an iron altar of Okawaru.
  1107 | D:3      | Killed Sigmund
  1108 | D:3      | Reached skill level 1 in Fighting
  1108 | D:3      | Reached skill level 1 in Short Blades
  1108 | D:3      | Reached skill level 1 in Armour
  1108 | D:3      | Reached XP level 4. HP: 22/35 MP: 1/7
  1108 | D:3      | Reached XP level 5. HP: 25/40 MP: 1/8
  1128 | D:3      | Gained mutation: You are somewhat resistant to further
                  | mutation. [potion of mutation]
  1154 | D:3      | HP: 2/60 [orc/+0 short sword (4)]
  1158 | D:3      | Slain by an orc

Illustrated notes

Levels and vault maps discovered:
D:1:      lightli_arrival_maybe_door_vault, layout_rooms, serial_shops,
          shop_statue
D:2:      minmay_alternating_diamond, layout_basic, minmay_door_square
D:3:      layout_loops_ring, nicolae_hepliaklqana_hippocampus,
          marbit_many_paths, lemuel_crystal_altar, fedhas_altar_3,
          old_standard_altar, grunt_temple_overflow_open,
          shapermc_ecumenical_altar_acropolis, uniq_sigmund

Skill      XL: |  1  2  3 |
---------------+----------+-----
Fire Magic     | 4 |  4.6
Fighting       | 1 |  1.4
Short Blades   | 1 |  1.0
Armour         | 1 |  1.3
Dodging        | 2 |  2.0
Stealth        | 2 |  2.0
Spellcasting   | 2 |  2.5
Conjurations   | |  1.6

Action                     |  1- 3 |  4- 6 || total
---------------------------+-------+-------++-------
  Melee: Short sword       |    25 |    17 ||    42
   Cast: Foxfire           |    16 |     3 ||    19
         Scorch            |    12 |     1 ||    13
    Use: Scroll            |     2 |       ||     2
         Potion            |     1 |     4 ||     5
 Armour: Robe              |    23 |    24 ||    47
  Dodge: Dodged            |    26 |    25 ||    51
